 Dungeon Crawl Stone Soup version 0.27.1 (webtiles) character file.

Game seed: 11281652637302784730

539 shadowrider38 the Destroyer (level 7, 0/54 HPs)
             Began as a Deep Elf Conjurer on Aug 25, 2021.
             Slain by a scorpion (2 damage)
             ... on level 4 of the Dungeon.
             The game lasted 00:15:30 (4090 turns).

shadowrider38 the Destroyer (Deep Elf Conjurer)     Turns: 4090, Time: 00:15:31

Health: 0/54       AC: 23    Str:  4    XL:     7   Next: 5%
Magic:  0/13       EV:  2    Int: 25    God:
Gold:   237        SH:  0    Dex: 13    Spells: 7/12 levels left

rFire    . . .     SeeInvis .   a - +0 short sword
rCold    . . .     Faith    .   (no shield)
rNeg     + + +     Spirit   .   (armour currently unavailable)
rPois    +         Reflect  .   (helmet currently unavailable)
rElec    .         Harm     .   (cloak currently unavailable)
rCorr    .         Rampage  .   (gloves currently unavailable)
Will     +....     NoTele   +   (boots currently unavailable)
Stlth    ++........             (no amulet)
HPRegen  0.18/turn              j - ring of poison resistance
MPRegen  0.13/turn              s - ring of willpower

@: brilliant, tree-form
A: stationary, stasis, torment immunity, boosted hp
a: no special abilities


You were on level 4 of the Dungeon.
You were a tree.
You visited 1 branch of the dungeon, and saw 4 of its levels.

You collected 237 gold pieces.

Inventory:

Hand Weapons
 a - a +0 short sword (weapon)
Missiles
 d - 12 poisoned darts
 f - 109 stones
Armour
 b - a +0 pair of gloves (melded)
 c - a +0 robe (melded)
 g - a +0 helmet (melded)
 h - a +2 ring mail of fire resistance
 r - a +0 leather armour
Jewellery
 j - a ring of poison resistance (left branch)
 s - a ring of willpower (right branch)
Scrolls
 e - a scroll of fear {unknown}
 i - 2 scrolls of blinking {unknown}
 l - a scroll of amnesia {unknown}
 n - 2 scrolls of vulnerability {unknown}
 o - a scroll of teleportation {unknown}
 t - a scroll of immolation {unknown}
 u - a scroll of identify {unknown}
Potions
 p - a potion of curing {unknown}
 q - a potion of degeneration {unknown}
 v - a potion of haste {unknown}


   Skills:
 + Level 2.4 Dodging
 + Level 2.4 Stealth
 - Level 3.0 Spellcasting
 - Level 9.3 Conjurations


You had 7 spell levels left.
You knew the following spells:

 Your Spells              Type           Power      Damage    Failure   Level
a - Magic Dart            Conj           100%       1d8       1%          1
b - Iskenderun's Mystic   Conj/Tloc      40%        2d9       14%         4

Your spell library contained the following spells:

 Spells                   Type           Power      Damage    Failure   Level
 Searing Ray              Conj           100%       3d7       1%          2
 Dazzling Flash           Conj/Hex       80%        N/A       4%          3
 Fulminant Prism          Conj/Hex       20%        3d13      14%         4
 Lee's Rapid Deconstruct  Erth           2%         3d6*      95%         5


Dungeon Overview and Level Annotations

Branches:
Dungeon (4/15)
 Temple: D:4-7

Altars:
Cheibriados

Annotations:
D:3 1 runed translucent door, SkeletonJelly's ghost, weakling DrMo


Message History

You don't have enough magic to cast this spell.
You don't have enough magic to cast this spell.
You feel sick.
You feel sick.
You feel sick.
You feel sick.
You feel sick.
You feel sick.
Your magical contamination has completely faded away.
You feel sick.
You are no longer poisoned.
Aiming: Magic Dart (safe; 1% risk of failure)
Press: ? - help, Q - select action, (/) - cycle Shift-Dir - straight line, f/p - scorpion
Aim: a scorpion (severely wounded, 100% to hit)
The magic dart hits the scorpion but does no damage.
The scorpion is severely wounded.
The scorpion closely misses you. The scorpion barely misses you.
You closely miss the scorpion.
The scorpion is severely wounded.
The scorpion stings you.
* * * LOW HITPOINT WARNING * * *
You barely miss the scorpion.
The scorpion is severely wounded.
The scorpion misses you.
You closely miss the scorpion.
The scorpion is severely wounded.
The scorpion stings you.
* * * LOW HITPOINT WARNING * * *
It was a potion of brilliance.
You feel clever all of a sudden.
The scorpion stings you but does no damage.
The scorpion stings you.
* * * LOW HITPOINT WARNING * * *
It was a potion of lignification.
You turn into a tree.
Your +0 helmet melds into your body.
Your +0 pair of gloves melds into your body.
Your +0 robe melds into your body.
Your roots penetrate the ground.
The scorpion stings you.
You die...

#. ###### #.# ######.# #..
......###.# #...##.#### #...
..........# #...#.....# #...
....#####.# ###...#.....# #... #
#.# #.# #.....#.....# #...####.#
#.# #.....'..##.#
#.......<#####.# #.....##.##.#
#...........##.#####...#....##.#
#..............s♣...........##.##
#......#######.#####...#.#.......
#..>.....................#..##...
#................^...###.#..##...
......)...####.......###....##...
.................................
#....................###...†##...
#...............###### #.#.###...
#...##.#..#.##..# #.#..##.##


You could see a scorpion.

Vanquished Creatures
  A black bear (D:4)
  4 scorpions (D:4)
  Terence (D:3)
  3 orc wizards
  Robin (D:2)
  2 adders
  3 worms
  3 orcs
  2 bats
  6 endoplasms
  3 giant cockroaches
  6 goblins
  9 hobgoblins
  2 jackals (D:2)
  3 quokkas
  10 ball pythons
  4 frilled lizards
  5 kobolds
  A rat (D:1)
69 creatures vanquished.

Vanquished Creatures (others)
  2 withered plants (D:3)
2 creatures vanquished.

Grand Total: 71 creatures vanquished

Notes
Turn   | Place    | Note
-------+----------+-------------------------------------------
     0 | D:1      | shadowrider38 the Deep Elf Conjurer began the quest for the
                  | Orb.
     0 | D:1      | Reached XP level 1. HP: 10/10 MP: 6/6
   366 | D:1      | Reached XP level 2. HP: 15/15 MP: 5/8
   477 | D:1      | Reached skill level 5 in Conjurations
   591 | D:1      | Found a faded altar of an unknown god.
   626 | D:2      | Noticed Robin
  1007 | D:2      | Killed Robin
  1008 | D:2      | Reached XP level 3. HP: 13/19 MP: 4/9
  1294 | D:2      | Reached skill level 6 in Conjurations
  2080 | D:3      | Reached XP level 4. HP: 24/24 MP: 6/10
  2214 | D:3      | Reached skill level 7 in Conjurations
  2214 | D:3      | Reached XP level 5. HP: 24/28 MP: 3/11
  2610 | D:3      | Noticed Terence
  2618 | D:3      | Killed Terence
  3003 | D:3      | Found a runed translucent door.
  3003 | D:3      | Noticed SkeletonJelly's ghost (weakling DrMo)
  3162 | D:3      | Learned a level 4 spell: Iskenderun's Mystic Blast
  3311 | D:4      | Reached skill level 8 in Conjurations
  3311 | D:4      | Reached XP level 6. HP: 22/32 MP: 2/12
  3656 | D:4      | Reached skill level 9 in Conjurations
  3863 | D:4      | Found a snail-covered altar of Cheibriados.
  3888 | D:4      | Reached XP level 7. HP: 36/36 MP: 6/13
  4089 | D:4      | HP: 1/36 [scorpion (4)]
  4090 | D:4      | Slain by a scorpion

Illustrated notes

Levels and vault maps discovered:
D:1:      amcnicky_arrival_choice, layout_basic,
          shapermc_ecumenical_altar_hornbeckon
D:2:      layout_rooms, uniq_robin
D:3:      layout_loops_ring, gammafunk_ghost_grave, uniq_terence
D:4:      layout_basic, cheibriados_altar_1, ebering_ghost_rock_garden,
          minivault_23, minmay_between

Skill      XL: |  1  2  3  4  5  6 |
---------------+-------------------+-----
Conjurations   | 5 6 7 8 9 |  9.3
Dodging        | |  2.4
Stealth        | |  2.4
Spellcasting   | |  3.0

Action                   |  1- 3 |  4- 6 |  7- 9 || total
-------------------------+-------+-------+-------++-------
Melee: Short sword       |       |    29 |     3 ||    32
 Cast: Magic Dart        |    85 |    95 |    13 ||   193
       Iskenderun's Myst |       |       |     1 ||     1
  Use: Potion            |       |       |     2 ||     2
Armor: Robe              |     4 |       |     1 ||     5
       Ring mail         |     1 |    26 |       ||    27
Dodge: Dodged            |    11 |    28 |     3 ||    42
